ITL
UTICA UNICORNS @ TRENTON STARS
04/19/2030
 
TOP OF THE 1ST
Utica Unicorns batting - Pitching for Trenton Stars : LHP Joseph Byrne
Pitching: LHP Joseph Byrne
Batting: LHB Dave Reynolds 0-0: Fly out, F5 (Popup, 25F)
Batting: RHB John Jones 0-0: Ball
1-0: SINGLE (Groundball, 34D)
Batting: RHB Kenny Cole 0-0: Ball
1-0: Called Strike
1-1: Called Strike
1-2: Foul Ball, location: 2F
1-2: Ball
2-2: Foul Ball, location: 2F
2-2: Ball
3-2: Base on Balls
John Jones to second
Batting: LHB José Román 0-0: Swinging Strike
0-1: Swinging Strike
0-2: Ball
1-2: Ball
2-2: Foul Ball, location: 2F
2-2: Ball
3-2: Foul Ball, location: 2F
3-2: Grounds into double play, 5-4-3 (Groundball, 5)
Top of the 1st over - 0 runs, 1 hit, 0 errors, 1 left on base; Utica 0 - Trenton 0
BOTTOM OF THE 1ST
Trenton Stars batting - Pitching for Utica Unicorns : RHP Errol Murphy
Pitching: RHP Errol Murphy
Batting: RHB Aurelio Cruz 0-0: Ball
1-0: Swinging Strike
1-1: SINGLE (Line Drive, 6D)
Batting: RHB Derek Ramsey 0-0: Ball
1-0: Called Strike
1-1: Ball
Aurelio Cruz steals 2nd base
2-1: Foul Ball, location: 2F
2-2: Ground out 2-3 (Groundball, 15S)
Aurelio Cruz to third
Batting: LHB Tom Waller 0-0: Called Strike
0-1: Ground out 4-3 (Groundball, 4D)
Aurelio Cruz scores
Batting: RHB Michael Skinner 0-0: Ball
1-0: Foul Ball, location: 2F
1-1: Ball
2-1: Fly out, F6 (Line Drive, 6)
Bottom of the 1st over - 1 run, 1 hit, 0 errors, 0 left on base; Utica 0 - Trenton 1
TOP OF THE 2ND
Utica Unicorns batting - Pitching for Trenton Stars : LHP Joseph Byrne
Batting: RHB Juan Caceres 0-0: Ball
1-0: Ball
2-0: SINGLE (Groundball, 6MD)
Batting: RHB Pablo Díaz 0-0: Ball
1-0: Called Strike
1-1: Ball
2-1: Ball
3-1: Foul Ball, location: 2F
3-2: Foul Ball, location: 2F
3-2: Foul Ball, location: 2F
3-2: Foul Ball, location: 2F
3-2: SINGLE (Groundball, 56D)
Juan Caceres to second
Juan Caceres to third
Batting: SHB Ralph Robison 0-0: Ball
1-0: Foul Ball, location: 2F
1-1: Called Strike
1-2: Ball
2-2: Strikes out swinging
Batting: RHB Justin Geoghegan 0-0: Foul Ball, location: 2F
0-1: Foul Ball, location: 2F
0-2: Foul Ball, location: 2F
0-2: Ball
1-2: Ball
2-2: Ground out 6-3 (Groundball, 6S)
Juan Caceres scores
Pablo Díaz to second
Batting: RHB António Magana 0-0: Called Strike
0-1: Ball
1-1: Foul Ball, location: 2F
1-2: Ground out 1-3 (Groundball, P)
Top of the 2nd over - 1 run, 2 hits, 0 errors, 1 left on base; Utica 1 - Trenton 1
BOTTOM OF THE 2ND
Trenton Stars batting - Pitching for Utica Unicorns : RHP Errol Murphy
Batting: LHB Wes Thompson 0-0: Swinging Strike
0-1: Ball
1-1: Foul Ball, location: 2F
1-2: Foul Ball, location: 2F
1-2: Foul Ball, location: 2F
1-2: Strikes out swinging
Batting: RHB George Reeves 0-0: Ball
1-0: Ball
2-0: Ground out 4-3 (Groundball, 4)
Batting: RHB Jorge Flores 0-0: Ball
1-0: Fly out, F9 (Line Drive, 89S)
Bottom of the 2nd over - 0 runs, 0 hits, 0 errors, 0 left on base; Utica 1 - Trenton 1
TOP OF THE 3RD
Utica Unicorns batting - Pitching for Trenton Stars : LHP Joseph Byrne
Batting: LHB Dave Reynolds 0-0: Ball
1-0: Swinging Strike
1-1: Foul Ball, location: 2F
1-2: Ground out 6-3 (Groundball, 6)
Batting: RHB John Jones 0-0: Ball
1-0: Fly out, F8 (Flyball, 8RM)
Batting: RHB Kenny Cole 0-0: Ball
1-0: Ball
2-0: Swinging Strike
2-1: Called Strike
2-2: SINGLE (Groundball, 56D)
Batting: LHB José Román 0-0: Ball
1-0: Called Strike
1-1: Called Strike
1-2: Strikes out swinging
Top of the 3rd over - 0 runs, 1 hit, 0 errors, 1 left on base; Utica 1 - Trenton 1
BOTTOM OF THE 3RD
Trenton Stars batting - Pitching for Utica Unicorns : RHP Errol Murphy
Batting: SHB Ismael Sánchez 0-0: Called Strike
0-1: Ground out 4-3 (Groundball, 4)
Batting: RHB Dan McKay 0-0: Ball
1-0: Called Strike
1-1: Swinging Strike
1-2: Strikes out looking
Batting: RHB Aurelio Cruz 0-0: Called Strike
0-1: Ball
1-1: Swinging Strike
1-2: Foul Ball, location: 2F
1-2: Fly out, F3 (Line Drive, 34)
Bottom of the 3rd over - 0 runs, 0 hits, 0 errors, 0 left on base; Utica 1 - Trenton 1
TOP OF THE 4TH
Utica Unicorns batting - Pitching for Trenton Stars : LHP Joseph Byrne
Batting: RHB Juan Caceres 0-0: Ball
1-0: Swinging Strike
1-1: Ball
2-1: Ball
3-1: Swinging Strike
3-2: Foul Ball, location: 2F
3-2: Strikes out swinging
Pitching: RHP Daniel Couch
Batting: RHB Pablo Díaz 0-0: Ball
1-0: Foul Ball, location: 2F
1-1: Called Strike
1-2: Strikes out swinging
Batting: SHB Ralph Robison 0-0: Swinging Strike
0-1: Called Strike
0-2: Strikes out swinging
Top of the 4th over - 0 runs, 0 hits, 0 errors, 0 left on base; Utica 1 - Trenton 1
BOTTOM OF THE 4TH
Trenton Stars batting - Pitching for Utica Unicorns : RHP Errol Murphy
Batting: RHB Derek Ramsey 0-0: Ball
1-0: DOUBLE (Line Drive, 78D)
Batting: LHB Tom Waller 0-0: Called Strike
0-1: Ball
1-1: Ball
2-1: Ball
3-1: Foul Ball, location: 2F
3-2: Foul Ball, location: 2F
3-2: Fly out, F7 (Flyball, 78S)
Batting: RHB Michael Skinner 0-0: Foul Ball, location: 2F
0-1: Ball
1-1: Foul Ball, location: 2F
1-2: Fly out, F7 (Line Drive, 78M)
Batting: LHB Wes Thompson 0-0: Called Strike
0-1: Ball
1-1: SINGLE (Groundball, 3D)
Derek Ramsey to third
Runner from 3rd tries for Home, SAFE, throw made home
Batting: RHB George Reeves 0-0: Ball
1-0: Called Strike
1-1: Swinging Strike
1-2: Strikes out looking
Bottom of the 4th over - 1 run, 2 hits, 0 errors, 1 left on base; Utica 1 - Trenton 2
TOP OF THE 5TH
Utica Unicorns batting - Pitching for Trenton Stars : RHP Daniel Couch
Batting: RHB Justin Geoghegan 0-0: Ball
1-0: Foul Ball, location: 2F
1-1: Called Strike
1-2: Strikes out swinging
Batting: RHB António Magana 0-0: Ground out 6-3 (Groundball, 6M)
Batting: LHB Dave Reynolds 0-0: Ball
1-0: Ball
2-0: Foul Ball, location: 2F
2-1: Ball
3-1: Foul Ball, location: 2F
3-2: Base on Balls
Batting: RHB John Jones 0-0: Called Strike
Dave Reynolds steals 2nd base
0-1: Ball
1-1: Ball
2-1: DOUBLE (Line Drive, 7LM)
Dave Reynolds scores
Batting: RHB Kenny Cole 0-0: Ball
1-0: Called Strike
1-1: Ball
2-1: Foul Ball, location: 2F
2-2: Ball
3-2: Strikes out swinging
Top of the 5th over - 1 run, 1 hit, 0 errors, 1 left on base; Utica 2 - Trenton 2
BOTTOM OF THE 5TH
Trenton Stars batting - Pitching for Utica Unicorns : RHP Errol Murphy
Batting: RHB Jorge Flores 0-0: Foul Ball, location: 2F
0-1: Swinging Strike
0-2: Foul Ball, location: 2F
0-2: Ball
1-2: Foul Ball, location: 2F
1-2: Foul Ball, location: 2F
1-2: Ball
2-2: Foul Ball, location: 2F
2-2: Foul Ball, location: 2F
2-2: Strikes out swinging
Batting: SHB Ismael Sánchez 0-0: Called Strike
0-1: Swinging Strike
0-2: Strikes out swinging
Batting: RHB Dan McKay 0-0: Foul Ball, location: 2F
0-1: SINGLE (Flyball, 7LS)
Batting: RHB Aurelio Cruz 0-0: Ball
1-0: Called Strike
1-1: Ball
2-1: Ground out 1-3 (Groundball, P)
Bottom of the 5th over - 0 runs, 1 hit, 0 errors, 1 left on base; Utica 2 - Trenton 2
TOP OF THE 6TH
Utica Unicorns batting - Pitching for Trenton Stars : RHP Daniel Couch
Batting: LHB José Román 0-0: SOLO HOME RUN (Flyball, 9D), Distance : 364 ft
Batting: RHB Juan Caceres 0-0: Ball
1-0: SOLO HOME RUN (Flyball, 9D), Distance : 368 ft
Pitching: RHP Tomás Pagán
Batting: RHB Pablo Díaz 0-0: Called Strike
0-1: SINGLE (Line Drive, 4D)
Batting: SHB Ralph Robison 0-0: Ball
1-0: Ball
2-0: Fly out, F9 (Flyball, 9)
Batting: RHB Justin Geoghegan 0-0: Ball
1-0: Fly out, F8 (Flyball, 8LD)
Batting: RHB António Magana 0-0: Ball
1-0: Ground out 3-1 (Groundball, 34)
Top of the 6th over - 2 runs, 3 hits, 0 errors, 1 left on base; Utica 4 - Trenton 2
BOTTOM OF THE 6TH
Trenton Stars batting - Pitching for Utica Unicorns : RHP Errol Murphy
Batting: RHB Derek Ramsey 0-0: Ball
1-0: Swinging Strike
1-1: Ball
2-1: Ball
3-1: Ground out 4-3 (Groundball, 4)
Batting: LHB Tom Waller 0-0: Ball
1-0: SINGLE (Line Drive, 9LM)
Batting: RHB Michael Skinner 0-0: Foul Ball, location: 2F
0-1: Ball
1-1: Foul Ball, location: 2F
1-2: Foul Ball, location: 2F
1-2: Strikes out looking
Batting: LHB Wes Thompson 0-0: Ball
1-0: Foul Ball, location: 2F
1-1: Foul Ball, location: 2F
1-2: Ball
2-2: SINGLE (Groundball, 56D)
Tom Waller to second
Batting: RHB George Reeves 0-0: Ball
1-0: Ball
2-0: Called Strike
2-1: Ball
3-1: Ground out 4-3 (Groundball, 4)
Bottom of the 6th over - 0 runs, 2 hits, 0 errors, 2 left on base; Utica 4 - Trenton 2
TOP OF THE 7TH
Utica Unicorns batting - Pitching for Trenton Stars : RHP Tomás Pagán
Batting: LHB Dave Reynolds 0-0: Ball
1-0: Foul Ball, location: 2F
1-1: Swinging Strike
1-2: Ball
2-2: Fly out, F2 (Popup, 5SF)
Batting: RHB John Jones 0-0: Foul Ball, location: 2F
0-1: Ball
1-1: Ball
2-1: Foul Ball, location: 2F
2-2: Ball
3-2: SINGLE (Groundball, 34) (infield hit)
Batting: RHB Kenny Cole 0-0: Ball
1-0: 2-RUN HOME RUN (Flyball, 7LD), Distance : 344 ft
Pitching: LHP Pedro Orozco
Batting: LHB José Román 0-0: Called Strike
0-1: Foul Ball, location: 2F
0-2: Foul Ball, location: 2F
0-2: Foul Ball, location: 2F
0-2: Strikes out swinging
Batting: RHB Juan Caceres 0-0: Swinging Strike
0-1: Called Strike
0-2: SOLO HOME RUN (Flyball, 7D), Distance : 390 ft
Batting: RHB Pablo Díaz 0-0: Ground out U3 (Groundball, 34)
Top of the 7th over - 3 runs, 3 hits, 0 errors, 0 left on base; Utica 7 - Trenton 2
BOTTOM OF THE 7TH
Trenton Stars batting - Pitching for Utica Unicorns : RHP Errol Murphy
Pitching: RHP Don Wiggins
Batting: RHB Jorge Flores 0-0: Called Strike
0-1: Foul Ball, location: 2F
0-2: Fly out, F8 (Flyball, 8LM)
Batting: SHB Ismael Sánchez 0-0: Ball
1-0: Foul Ball, location: 2F
1-1: Foul Ball, location: 2F
1-2: Ball
2-2: Ball
3-2: Fly out, F8 (Flyball, 8RD)
Batting: RHB Dan McKay 0-0: Fly out, F9 (Line Drive, 9)
Bottom of the 7th over - 0 runs, 0 hits, 0 errors, 0 left on base; Utica 7 - Trenton 2
TOP OF THE 8TH
Utica Unicorns batting - Pitching for Trenton Stars : LHP Pedro Orozco
Batting: SHB Ralph Robison 0-0: Ball
1-0: Ball
2-0: Ball
3-0: Called Strike
3-1: Swinging Strike
3-2: Strikes out swinging
Batting: RHB Justin Geoghegan 0-0: Foul Ball, location: 2F
0-1: Ball
1-1: Ground out 6-3 (Groundball, 6)
Batting: RHB António Magana 0-0: Ball
1-0: Foul Ball, location: 2F
1-1: Foul Ball, location: 2F
1-2: Ball
2-2: Strikes out swinging
Top of the 8th over - 0 runs, 0 hits, 0 errors, 0 left on base; Utica 7 - Trenton 2
BOTTOM OF THE 8TH
Trenton Stars batting - Pitching for Utica Unicorns : RHP Don Wiggins
Batting: RHB Aurelio Cruz 0-0: Foul Ball, location: 2F
0-1: SINGLE (Flyball, 89S)
Batting: RHB Derek Ramsey 0-0: Ground out 5-3 (Groundball, 5S)
Aurelio Cruz to second
Batting: LHB Tom Waller 0-0: Foul Ball, location: 2F
0-1: Called Strike
0-2: Ball
1-2: Ball
2-2: Ground out 4-3 (Groundball, 4)
Aurelio Cruz to third
Batting: RHB Michael Skinner 0-0: Fly out, F7 (Flyball, 78D)
Bottom of the 8th over - 0 runs, 1 hit, 0 errors, 1 left on base; Utica 7 - Trenton 2
TOP OF THE 9TH
Utica Unicorns batting - Pitching for Trenton Stars : LHP Pedro Orozco
Batting: LHB Dave Reynolds 0-0: Ball
1-0: Ball
2-0: Called Strike
2-1: Ground out 4-3 (Groundball, 4D)
Batting: RHB John Jones 0-0: Ball
1-0: Called Strike
1-1: Foul Ball, location: 2F
1-2: Ball
2-2: Foul Ball, location: 2F
2-2: Foul Ball, location: 2F
2-2: Ball
3-2: Base on Balls
Batting: RHB Kenny Cole 0-0: Called Strike
0-1: Foul Ball, location: 2F
0-2: Ball
1-2: SINGLE (Groundball, 6MD)
John Jones to second
Runner from 2nd tries for 3rd, SAFE, no throw
Batting: LHB José Román 0-0: Called Strike
0-1: Called Strike
0-2: Foul Ball, location: 2F
0-2: Foul Ball, location: 2F
0-2: Foul Ball, location: 2F
0-2: Ball
1-2: Foul Ball, location: 2F
1-2: Ball
2-2: 3-RUN HOME RUN (Flyball, 9D), Distance : 365 ft
Batting: RHB Juan Caceres 0-0: Ball
1-0: Ball
2-0: Ball
3-0: Base on Balls
Batting: RHB Pablo Díaz 0-0: Ball
1-0: Called Strike
1-1: Ball
2-1: Ball
3-1: Called Strike
3-2: Base on Balls
Juan Caceres to second
Batting: SHB Ralph Robison 0-0: Ball
1-0: Called Strike
1-1: Foul Ball, location: 2F
1-2: Ball
2-2: Strikes out swinging
Batting: RHB Justin Geoghegan 0-0: Ball
1-0: Called Strike
1-1: Fielders Choice at 2nd, 5-4 (Groundball, 56)
Top of the 9th over - 3 runs, 2 hits, 0 errors, 2 left on base; Utica 10 - Trenton 2
BOTTOM OF THE 9TH
Trenton Stars batting - Pitching for Utica Unicorns : RHP Don Wiggins
Batting: LHB Wes Thompson 0-0: Called Strike
0-1: Ball
1-1: Swinging Strike
1-2: Strikes out swinging
Batting: RHB George Reeves 0-0: Called Strike
0-1: Ball
1-1: Ground out 4-3 (Groundball, 4)
Batting: RHB Jorge Flores 0-0: Called Strike
0-1: Ball
1-1: SINGLE (Groundball, 34D)
Batting: SHB Ismael Sánchez 0-0: Ball
1-0: Ball
2-0: Ball
3-0: Called Strike
3-1: Fly out, F7 (Flyball, 78M)
Bottom of the 9th over - 0 runs, 1 hit, 0 errors, 1 left on base; Utica 10 - Trenton 2
Saturday, April 7th, 2018 - OOTP Baseball 18.8 Build 76